 Dungeon Crawl Stone Soup version 0.17-a0-2109-g117576f (webtiles) character file.

123 Gruud the Insei (level 4, -1/34 HPs)
             Began as a Demonspawn Transmuter on Oct 19, 2015.
             Slain by an iguana (7 damage)
             ... on level 4 of the Dungeon.
             The game lasted 00:08:06 (1799 turns).

Gruud the Insei (Demonspawn Transmuter)             Turns: 1799, Time: 00:08:07

Health: -1/34      AC:  5    Str: 10    XL:     4   Next: 79%
Magic:  7/7        EV: 11    Int: 15    God:
Gold:   242        SH:  0    Dex: 14    Spells: 2 memorised, 4 levels left

rFire  . . .     SeeInvis .       - Unarmed
rCold  + . .     Clarity  .     t - +0 ring mail
rNeg   . . .     SustAt   .     (no shield)
rPois  .         Gourm    .     (helmet restricted)
rElec  .         Spirit   .     (no cloak)
rCorr  .         Warding  .     (no gloves)
rMut   .         Stasis   .     (no boots)
MR     .....                    (no amulet)
Stlth  +.........               (no ring)
                                (no ring)

@: not resistant to hostile enchantments, very unstealthy
A: antennae 1, cold resistance 1, freezing cloud immunity
a: no special abilities


You were on level 4 of the Dungeon.
You were not hungry.

You visited 1 branch of the dungeon, and saw 4 of its levels.

You collected 242 gold pieces.

Inventory:

Missiles
 a - 78 arrows
 r - 15 poisoned needles
Armour
 b - a +0 robe
 s - a +0 leather armour
 t - a +0 ring mail (worn)
Scrolls
 f - a scroll of blinking {unknown}
 g - a scroll of immolation
 h - 3 scrolls of remove curse
 i - 2 scrolls of noise {unknown}
 k - 3 scrolls of magic mapping {unknown}
 l - a scroll of enchant weapon {unknown}
 v - a scroll of recharging {unknown}
Potions
 e - a potion of brilliance
 m - a potion of degeneration {unknown}
 n - a potion of resistance {unknown}
 o - a potion of heal wounds
 p - a potion of ambrosia {unknown}
 q - a potion of lignification {unknown}
 u - a potion of curing {unknown}
 w - a potion of agility {unknown}
Books
 c - a book of Changes

   Spells                             Type                      Level
   a - Beastly Appendage              Transmutation                1
   b - Sticks to Snakes               Transmutation                2
   c - Spider Form                    Transmutation/Poison         3
   d - Ice Form                       Ice/Transmutation            4
   e - Blade Hands                    Transmutation                5
Comestibles
 d - 2 bread rations


   Skills:
 + Level 2.4 Fighting
 + Level 2.6 Dodging
 * Level 4.0 Unarmed Combat
 - Level 2.0 Spellcasting
 - Level 1.7 Transmutations


You had 4 spell levels left.
You knew the following spells:

 Your Spells              Type           Power        Failure   Level  Hunger
a - Beastly Appendage     Trmt           #.....       30%         1    #......
b - Sticks to Snakes      Trmt           #.........   47%         2    ###....


Dungeon Overview and Level Annotations

Branches:
Dungeon (4/15)
 Temple: D:4-7

Altars:

Annotations:
D:2 Crazy Yiuf


Innate Abilities, Weirdness & Mutations

You have a pair of small antennae on your head.
Your flesh is cold resistant.
You are immune to freezing clouds.


Message History

The iguana barely misses you.
You hit the iguana.
The iguana is moderately wounded.
You hit the iguana.
The iguana is heavily wounded.
The iguana closely misses you.
You hit the iguana.
The iguana is severely wounded.
The iguana bites you!
* * * LOW HITPOINT WARNING * * *
You hit the iguana.
The iguana is severely wounded.
The iguana barely misses you.
You hit the iguana.
The iguana is severely wounded.
The iguana closely misses you.
You closely miss the iguana.
The iguana is severely wounded.
The iguana bites you!
You die...

##(............. #..
#......... ....## ...
##.#...### ....# ##...
#.###...### .....##.....
## #.......##
##..#........ ..#
#........# #..# #.....
... ##..####.## ##.#
##.># ..... #.#
##..###..####...##.#....
#.#
#.......@l..............
##
##..###'###.###'###.....
##..##.##...##.##.....l
....###.....###.... .
.)....#.......#..#
...###..###'###..# #.#.
##..##.##.......# #.##
#...###.......## #
...#........#


You could see an iguana.

Vanquished Creatures
  A centaur skeleton (D:4)
  Natasha (thrice) (D:2)
  A mummy (D:4)
  An adder (D:3)
  3 orcs (D:3)
  9 goblins
  4 hobgoblins
  7 jackals (D:2)
  A bat (D:2)
  A giant gecko (D:3)
  4 giant newts
  A goblin zombie (D:4)
  A hobgoblin zombie (D:4)
  2 kobolds (D:2)
  2 rats
41 creatures vanquished.

Notes
Turn   | Place    | Note
--------------------------------------------------------------
     0 | D:1      | Gruud the Demonspawn Transmuter began the quest for the Orb.
     0 | D:1      | Reached XP level 1. HP: 15/15 MP: 3/3
   483 | D:2      | Noticed Crazy Yiuf
   581 | D:2      | Reached skill level 3 in Unarmed Combat
   581 | D:2      | Gained mutation: Your flesh is cold resistant. [demonic ancestry]
   581 | D:2      | Reached XP level 2. HP: 21/21 MP: 3/5
   669 | D:2      | Learned a level 2 spell: Sticks to Snakes
   851 | D:2      | Noticed Natasha
   861 | D:2      | Killed Natasha
   861 | D:2      | Lost mutation: You have a pair of horns on your head. [demonic ancestry]
   861 | D:2      | Lost mutation: You have a pair of small horns on your head. [demonic ancestry]
   861 | D:2      | Gained mutation: You have a pair of small antennae on your head. [demonic ancestry]
   861 | D:2      | Reached XP level 3. HP: 6/27 MP: 2/6
   871 | D:2      | HP: 1/27 [hobgoblin/club (2)]
   894 | D:2      | Noticed Natasha
   901 | D:2      | Killed Natasha
   936 | D:2      | Noticed Natasha
   940 | D:2      | Killed Natasha
  1160 | D:3      | Gained mutation: You are immune to freezing clouds. [demonic ancestry]
  1160 | D:3      | Reached XP level 4. HP: 28/33 MP: 4/7
  1634 | D:4      | Found a sand-covered staircase.
  1643 | D:4      | Reached skill level 4 in Unarmed Combat
  1799 | D:4      | Slain by an iguana

Vault maps used:
D:1:      eino_arrival_water_star
D:2:      uniq_natasha, uniq_crazy_yiuf_cottage, uniq_robin
D:4:      first_bread, nicolae_ossuary_entry_giza, elyvilon_altar_4

Action                   |  1- 3 |  4- 6 || total
-------------------------+-------+-------++-------
Melee: Unarmed           |   107 |    76 ||   183
 Cast: Beastly Appendage |     9 |     2 ||    11
       Sticks to Snakes  |     1 |       ||     1
  Use: Scroll            |     4 |       ||     4
       Potion            |     1 |       ||     1
  Eat: Chunk             |     1 |     2 ||     3
